 Dungeon Crawl Stone Soup version 0.30-b1-2-g02819fbbbe (webtiles) character file.

Game seed: 12694981945566064951

5283 Alarkh the Skirmisher (level 10, -1/65 HPs)
             Began as a Demonspawn Hexslinger on July 7, 2023.
             Was a Follower of Uskayaw.
             Slain by a skeletal warrior
             ... wielding a +0 halberd
              (20 damage)
             ... on level 8 of the Dungeon.
             The game lasted 00:16:17 (7422 turns).

Alarkh the Skirmisher (Demonspawn Hexslinger)       Turns: 7422, Time: 00:16:17

Health: -1/65      AC:  7    Str: 13    XL:     10   Next: 37%
Magic:  14/14      EV: 22    Int: 18    God:    Uskayaw [*.....]
Gold:   476        SH:  0    Dex: 15    Spells: 8/14 levels left

rFire   . . .        b - +4 sling (heavy)
rCold   . . .        (no shield)
rNeg    . . .        j - +0 steam dragon scales
rPois   +            (no helmet)
rElec   .            (no cloak)
rCorr   +            (no gloves)
SInv    .            (no boots)
Will    .....        (no amulet)
Stlth   ++           w - +5 ring of evasion
HPRegen 0.30/turn    s - ring "Yrhydics" {rPois rCorr Str+3 Stlth+}
MPRegen 0.14/turn

%: no passive effects
@: agile
A: claws 1, molten scales 1, ignite blood 1, powered by pain 1
a: Renounce Religion, Stomp


You were on level 8 of the Dungeon.
You worshipped Uskayaw.
Uskayaw was noncommittal.
You visited 2 branches of the dungeon, and saw 10 of its levels.
You also visited: Sewer.

You collected 476 gold pieces.

Inventory:

Hand Weapons
 a - a +1 quarterstaff of pain
 b - a +4 heavy sling (weapon)
 d - a +0 trident of venom
 n - a +1 sling
 y - a +0 shortbow
Missiles
 t - 2 boomerangs of dispersal
Armour
 c - a +0 robe
 j - +0 steam dragon scales (worn)
 H - a +2 hat
Magical Staves
 p - a staff of death
 D - a staff of air
Jewellery
 l - a ring of resist corrosion
 o - a ring of poison resistance
 s - the ring "Yrhydics" (right claw) {rPois rCorr Str+3 Stlth+}
   (You found it on level 3 of the Dungeon)

   [ring of poison resistance]

   Str:       It affects your strength (+3).
   rPois:     It protects you from poison.
   rCorr:     It protects you from acid and corrosion.
   Stlth:     It makes you more stealthy.
 w - a +5 ring of evasion (left claw)
 J - the ring "Wegofruc" {SInv Stlth+}
   (You found it on level 8 of the Dungeon)

   [ring of see invisible]

   SInv:      It lets you see invisible.
   Stlth:     It makes you more stealthy.
Wands
 E - a wand of polymorph (7)
 G - a wand of mindburst (14)
Scrolls
 e - a scroll of teleportation
 h - a scroll of fear
 r - a scroll of immolation
 v - 2 scrolls of magic mapping
 z - a scroll of fog {unknown}
 A - 2 scrolls of vulnerability
 B - a scroll of poison
 F - a scroll of amnesia {unknown}
Potions
 f - 3 potions of heal wounds
 g - 4 potions of curing
 i - a potion of invisibility
 k - 3 potions of berserk rage
 m - a potion of flight
 q - 2 potions of resistance
 u - a potion of mutation
 x - a potion of might
 C - a potion of lignification {unknown}
 I - a potion of haste
 K - a potion of cancellation {unknown}
 L - a potion of attraction {unknown}


   Skills:
 - Level 1.0 Fighting
 * Level 12.1 Ranged Weapons
 - Level 1.7 Dodging
 + Level 2.7 Spellcasting
 * Level 5.1 Hexes
 * Level 3.6 Translocations
 + Level 5.8 Invocations


You had 8 spell levels left.
You knew the following spells:

 Your Spells              Type           Power      Damage    Failure   Level
a - Portal Projectile     Hex/Tloc       36%        N/A       9%          3
b - Slow                  Hex            84%        N/A       1%          1
c - Blink                 Tloc           30%        N/A       6%          2

Your spell library contained the following spells:

 Spells                   Type           Power      Damage    Failure   Level
 Magic Dart               Conj           8%         1d3       17%         1
 Inner Flame              Hex/Fire       11%        N/A       17%         3
 Cause Fear               Hex            10%        N/A       21%         4
 Call Imp                 Summ           4%         N/A       26%         2
 Manifold Assault         Tloc           15%        N/A       36%         4
 Mephitic Cloud           Conj/Pois/Air  2%         N/A       45%         3
 Storm Form               Tmut/Air       1%         N/A       100%        7


Dungeon Overview and Level Annotations

Branches:
Dungeon (9/15)             Temple (1/1) D:4            Lair (0/5) D:8
  Sewer (visited)
    Orc: D:9-12

Altars:
Ashenzari
Cheibriados
Dithmenos
Fedhas
Kikubaaqudgha
Makhleb
Okawaru
Qazlal
Ru
Sif Muna
Uskayaw
Wu Jian
Xom

Shops:
D:7 *


Innate Abilities, Weirdness & Mutations

You have sharp fingernails.
You are partially covered in molten scales. (AC +2)
Your demonic aura sometimes causes spilled blood to erupt in flames.
You sometimes gain a little power by taking damage.


Message History

You start resting.
HP restored.
You start resting.
You feel a little less agile now.
You start resting.
HP restored.
You climb downwards.
There is a stone staircase leading up, spattered with blood here.
There is a stone staircase leading up, spattered with blood here.
You shoot a sling bullet.
The sling bullet hits the skeletal warrior.
The skeletal warrior is lightly damaged.
You shoot a sling bullet.
The sling bullet hits the skeletal warrior.
The skeletal warrior is lightly damaged.
You shoot a sling bullet.
The sling bullet hits the skeletal warrior.
The skeletal warrior is lightly damaged.
You shoot a sling bullet.
The sling bullet barely misses the skeletal warrior.
You shoot a sling bullet.
The sling bullet barely misses the skeletal warrior.
The skeletal warrior completely misses you.
The skeletal warrior hits you from afar with a +0 halberd!
You shoot a sling bullet.
The sling bullet hits the skeletal warrior but does no damage.
The skeletal warrior is lightly damaged.
The skeletal warrior barely misses you.
You shoot a sling bullet.
The sling bullet completely misses the skeletal warrior.
The skeletal warrior hits you from afar with a +0 halberd!!
You focus on the pain.
You feel agile all of a sudden.
You shoot a sling bullet.
The sling bullet hits the skeletal warrior but does no damage.
The skeletal warrior is lightly damaged.
The skeletal warrior hits you from afar with a +0 halberd!!
* * * LOW HITPOINT WARNING * * *
The skeletal warrior hits you from afar with a +0 halberd!!
You die...

################ ###.##.#..###.##
.......#.......# #..........##.##
.#####.#.#####.# #.#.###.........
.#####.#>#####.###.#.###.........
.##............................#.
.##.##.#.#####.###.##.##.#######.
.##.##...#####.# #.##.##.# #.
...............###.......## #.
###.#.........z.@.........# #.
#........#####)#........######.
#........# #.#...............
##.......# #.................
##......# #........#........
##...#.#####.......###...###.
#...##.......###...##.....##.
#.##########.##...##.......#. #.#
#[##.#.##..P..P.#.


You could see a skeletal warrior.

Vanquished Creatures
  Gastronok (D:8)
  A skeletal warrior (D:7)
  Maggie (D:6)
  A troll (D:8)
  Prince Ribbit (D:8)
  Grinder (D:6)
  Menkaure (D:6)
  2 wargs (D:8)
  2 water moccasins
  2 orc warriors (D:8)
  A black bear (D:6)
  2 ice beasts (D:8)
  An ogre (D:5)
  A centaur (D:5)
  4 phantoms
  A kobold brigand (D:6)
  4 bullfrogs
  A scorpion (D:6)
  3 killer bees (D:8)
  A howler monkey (D:8)
  2 hounds
  2 jellies
  4 orc priests
  A sleepcap (D:6)
  A gnoll bouda (D:5)
  3 iguanas
  4 orc wizards
  A hell rat (Sewer)
  5 gnolls
  4 adders
  4 river rats (Sewer)
  3 shadow imps (D:6)
  3 white imps
  A worm (D:3)
  3 dart slugs
  19 orcs
  10 ball pythons
  10 bats
  5 endoplasms (D:2)
  9 giant cockroaches
  7 goblins
  11 hobgoblins
  9 jackals
  6 kobolds
  5 quokkas
  2 frilled lizards (D:1)
  10 rats
176 creatures vanquished.

Notes
Turn   | Place    | Note
-------+----------+-------------------------------------------
     0 | D:1      | Alarkh the Demonspawn Hexslinger began the quest for the
                  | Orb.
     0 | D:1      | Reached XP level 1. HP: 15/15 MP: 2/2
    20 | D:1      | Reached skill level 2 in Ranged Weapons
    63 | D:1      | Gained mutation: You are partially covered in molten
                  | scales. (AC +2) [demonic ancestry]
    63 | D:1      | Reached XP level 2. HP: 16/21 MP: 3/3
   324 | D:1      | Reached skill level 3 in Ranged Weapons
   424 | D:1      | Found a faded altar of an unknown god.
   433 | D:1      | Reached XP level 3. HP: 26/26 MP: 4/4
  1174 | D:2      | Gained mutation: You have sharp fingernails. [demonic
                  | ancestry]
  1174 | D:2      | Reached XP level 4. HP: 32/32 MP: 5/5
  1197 | D:2      | Reached skill level 4 in Ranged Weapons
  1604 | D:3      | Found a glowing drain.
  1617 | Sewer    | Entered a sewer
  1785 | Sewer    | Reached XP level 5. HP: 19/37 MP: 6/6
  1952 | D:3      | Reached skill level 5 in Ranged Weapons
  2044 | D:3      | You fall into a shaft and drop 1 floor!
  2103 | D:4      | Noticed a phantom
  2116 | D:4      | Killed a phantom
  2240 | D:4      | Found a staircase to the Ecumenical Temple.
  2315 | D:4      | Noticed a phantom
  2325 | D:4      | Killed a phantom
  2326 | D:4      | Reached skill level 6 in Ranged Weapons
  2326 | D:4      | Gained mutation: You sometimes gain a little power by
                  | taking damage. [demonic ancestry]
  2326 | D:4      | Reached XP level 6. HP: 32/43 MP: 7/7
  2642 | D:3      | Identified the ring "Yrhydics" {rPois rCorr Str+3 Stlth+}
  3244 | D:5      | Entered Level 5 of the Dungeon
  3288 | Temple   | Entered the Ecumenical Temple
  3422 | Temple   | Became a worshipper of Uskayaw the Reveller
  3462 | D:5      | Reached * piety under Uskayaw
  3464 | D:5      | Reached skill level 7 in Ranged Weapons
  3464 | D:5      | Reached XP level 7. HP: 48/48 MP: 8/8
  3482 | D:5      | Reached ** piety under Uskayaw
  3565 | D:5      | Found a sacrificial altar of Ru.
  3816 | D:5      | Reached *** piety under Uskayaw
  3817 | D:5      | Reached skill level 8 in Ranged Weapons
  4210 | D:6      | Noticed Maggie
  4469 | D:6      | Reached XP level 8. HP: 16/54 MP: 9/9
  4487 | D:6      | Reached skill level 9 in Ranged Weapons
  4733 | D:6      | Killed Maggie
  4734 | D:6      | Reached skill level 10 in Ranged Weapons
  4812 | D:6      | Reached **** piety under Uskayaw
  4818 | D:6      | Reached ***** piety under Uskayaw
  4881 | D:6      | Noticed Menkaure
  4886 | D:6      | Reached skill level 1 in Invocations
  4888 | D:6      | Noticed Grinder
  4893 | D:6      | Killed Menkaure
  4894 | D:6      | Reached XP level 9. HP: 34/59 MP: 10/10
  4900 | D:6      | Paralysed by Grinder for 4 turns
  4904 | D:6      | Killed Grinder
  4905 | D:6      | Reached skill level 11 in Ranged Weapons
  5404 | D:7      | Found Koolup's Assorted Antiques.
  5737 | D:8      | Reached ****** piety under Uskayaw
  5742 | D:8      | Learned a level 3 spell: Portal Projectile
  5821 | D:8      | Found a staircase to the Lair.
  5841 | D:8      | Reached skill level 1 in Translocations
  6035 | D:8      | Noticed a troll
  6045 | D:8      | Killed a troll
  6046 | D:8      | Reached skill level 5 in Invocations
  6095 | D:8      | Noticed Gastronok
  6239 | D:8      | Killed Gastronok
  6240 | D:8      | Reached skill level 12 in Ranged Weapons
  6240 | D:8      | Gained mutation: Your demonic aura sometimes causes spilled
                  | blood to erupt in flames. [demonic ancestry]
  6240 | D:8      | Reached XP level 10. HP: 65/65 MP: 12/14
  6332 | D:8      | Identified the ring "Wegofruc" {SInv Stlth+}
  6464 | D:8      | Noticed a skeletal warrior
  6645 | D:8      | Learned a level 2 spell: Blink
  6649 | D:8      | Noticed Prince Ribbit
  6685 | D:7      | Killed a skeletal warrior
  6686 | D:7      | Reached skill level 5 in Hexes
  6815 | D:8      | Killed Prince Ribbit
  7067 | D:8      | Noticed a skeletal warrior
  7074 | D:8      | Noticed a skeletal warrior
  7422 | D:8      | Slain by a skeletal warrior

Illustrated notes

Levels and vault maps discovered:
D:1:      dpeg_arrival_oval, layout_rooms, ebering_ecumenical_altar_box,
          minmay_tripent
D:2:      layout_loops_cross
D:3:      layout_loops_ring, portal_sewer_entry_f
D:4:      layout_loops_ring, minmay_temple_entry_junction
D:5:      layout_basic, general_overflow_altar
D:6:      minmay_angry_zag, layout_basic, chequers_serial_rivers_small_b,
          uniq_maggie, uniq_grinder, uniq_menkaure
D:7:      layout_rooms, serial_shops, shop_statue
D:8:      layout_loops_cross, erik_lair_orcish_takeover, uniq_gastronok,
          uniq_prince_ribbit1
D:9:      layout_loops_ring, fiery_altar_vehumet, ebering_ghost_reflecting_pool
Temple:   compressed_dpeg_circular_temple

Skill      XL: |  1  2  3  4  5  6  7  8  9 10 |
---------------+-------------------------------+-----
Ranged Weapons | 2 3 4 6 7 8 10 12 | 12.1
Invocations    | 1 5 |  5.8
Translocations | 3 |  3.6
Spellcasting   | 2 |  2.7
Hexes          | 4 5 |  5.1
Fighting       | |  1.0
Dodging        | |  1.7

Action                     |  1- 3 |  4- 6 |  7- 9 | 10-12 || total
---------------------------+-------+-------+-------+-------++-------
  Melee: Trident           |    15 |       |       |       ||    15
         Quarterstaff      |       |       |     2 |       ||     2
   Fire: Sling             |   123 |   159 |   288 |    60 ||   630
   Cast: Slow              |     5 |       |       |       ||     5
         Portal Projectile |       |       |     1 |       ||     1
         Blink             |       |       |       |     4 ||     4
    Use: Potion            |     3 |     1 |     2 |       ||     6
         Scroll            |     1 |     8 |     7 |     1 ||    17
 Armour: Robe              |    43 |    30 |     9 |       ||    82
         Steam dragon scal |       |       |    21 |     5 ||    26
  Dodge: Dodged            |    95 |    68 |   100 |    12 ||   275
